 Dungeon Crawl Stone Soup version 0.21-a0-552-g593960d (webtiles) character file.

161 Doomer the Shield-Bearer (level 5, -2/47 HPs)
             Began as a Minotaur Fighter on Dec 17, 2017.
             Was an Initiate of the Shining One.
             Slain by an ogre
             ... wielding a +0 giant club
              (16 damage)
             ... on level 4 of the Dungeon.
             The game lasted 00:07:54 (2389 turns).

Doomer the Shield-Bearer (Minotaur Fighter)         Turns: 2389, Time: 00:07:54

Health: -2/47      AC:  7    Str: 21    XL:     5   Next: 19%
Magic:  4/4        EV:  7    Int:  5    God:    the Shining One [......]
Gold:   173        SH:  9    Dex: 10    Spells: 4/4 levels left

rFire    . . .     SeeInvis .   a - +1 war axe
rCold    . . .     Gourm    .   m - +0 shield (curse)
rNeg     . . .     Faith    .   b - +0 scale mail
rPois    .         Spirit   .   (helmet restricted)
rElec    .         Reflect  .   (no cloak)
rCorr    .         Harm     .   (no gloves)
MR       .....                  (no boots)
Stlth    ..........             n - amulet of inaccuracy (curse)
HPRegen  0.15/turn              e - ring of loudness (curse)
MPRegen  0.09/turn              (no ring)

@: glowing
A: retaliatory headbutt, horns 2
a: Renounce Religion


You were on level 4 of the Dungeon.
You worshipped the Shining One.
The Shining One was noncommittal.
You were not hungry.

You visited 1 branch of the dungeon, and saw 4 of its levels.

You collected 173 gold pieces.

Inventory:

Hand Weapons
 a - a +1 war axe (weapon)
Missiles
 k - 2 javelins (quivered)
Armour
 b - a +0 scale mail (worn)
 c - a +0 shield
 m - a cursed +0 shield (worn)
Jewellery
 e - a cursed ring of loudness (left hand)
 n - a cursed amulet of inaccuracy (around neck)
Scrolls
 i - a scroll of teleportation
 o - 2 scrolls of enchant weapon
 s - a scroll of identify
Potions
 d - a potion of might
 h - 5 potions of curing
 j - a potion of flight {unknown}
 p - 2 potions of heal wounds {unknown}
Comestibles
 f - 4 bread rations
 l - 5 fruits
 q - 2 royal jellies


   Skills:
 + Level 4.5 Fighting
 + Level 4.3 Axes
 + Level 4.5 Armour
 + Level 0.5 Dodging
 + Level 0.2 Stealth
 + Level 4.5 Shields


You had 4 spell levels left.
You didn't know any spells.

Dungeon Overview and Level Annotations

Branches:
Dungeon (4/15)
 Temple: D:4-7

Altars:
Gozag
Vehumet
The Shining One


Innate Abilities, Weirdness & Mutations

You reflexively headbutt those who attack you in melee.
You have a pair of horns on your head.


Message History

A kobold comes into view.
The kobold shouts!
The kobold zaps a wand.
The puff of flame hits you!
It is a wand of flame (37).
An ogre comes into view. It is wielding a giant club.
The ogre shouts!
Found a radiant altar of Vehumet.
You block the kobold's attack.
You completely miss the kobold. Your headbutt misses the kobold.
The kobold hits you but does no damage. You block the kobold's attack.
You hit the kobold.
You kill the kobold!
The ogre hits you with a giant club!
* * * LOW HITPOINT WARNING * * *
You are too injured to fight recklessly!
You are too injured to fight recklessly!
You are too injured to fight recklessly!
You are too injured to fight recklessly!
You closely miss the ogre. Your headbutt misses the ogre.
The ogre hits you with a giant club!
You die...

#......[.).###
##.(......).
#..##...### #..##...#
########+#####..##...#
#...............##...#
................##...#
...#..............(..#
....../@.......###..##
.#._.#.O.......# #..#
...........!...# #
...#...........#
.............#
..............#
..........##+#.#
..........# .#


You could see an ogre.

Vanquished Creatures
  An orc priest (D:4)
  An orc wizard (D:4)
  A worker ant (D:4)
  An adder (D:3)
  An ooze (D:1)
  2 worms (D:2)
  A dart slug (D:3)
  4 leopard geckos
  3 orcs (D:4)
  8 goblins
  12 hobgoblins
  7 kobolds
  9 bats
  2 frilled lizards
  2 rats
55 creatures vanquished.

Notes
Turn   | Place    | Note
-------+----------+-------------------------------------------
     0 | D:1      | Doomer the Minotaur Fighter began the quest for the Orb.
     0 | D:1      | Reached XP level 1. HP: 19/19 MP: 0/0
    12 | D:1      | Noticed a merfolk zombie
   199 | D:1      | Reached XP level 2. HP: 27/27 MP: 1/1
   669 | D:2      | Reached XP level 3. HP: 26/33 MP: 2/2
  1488 | D:3      | Found a glowing golden altar of the Shining One.
  1494 | D:3      | Became a worshipper of the Shining One
  1722 | D:3      | Found an opulent altar of Gozag.
  1751 | D:3      | Reached XP level 4. HP: 40/40 MP: 3/3
  2363 | D:4      | Reached XP level 5. HP: 33/47 MP: 4/4
  2383 | D:4      | Found a radiant altar of Vehumet.
  2383 | D:4      | Noticed an ogre
  2389 | D:4      | Slain by an ogre

Vault maps used:
D:1:      shiori_arrival_whats_in_store_for_you
D:2:      first_bread, serial_glass, glass_columns_b, glass_columns_a
D:3:      lemuel_doored_altar, lemuel_coloured_pillars_altar,
          kennysheep_generic_room_10
D:4:      nicolae_overflow_crystal_walls, grunt_temple_overflow_open,
          vehumet_altar_wand_db, minmay_temple_entry_butterflies,
          grunt_dithmenos_smoke, uniq_eustachio

Skill      XL: |  1  2  3  4 |
---------------+-------------+-----
Fighting       | 4 |  4.5
Shields        | 4 |  4.5
Armour         | 4 |  4.5
Axes           | 3 4 |  4.3
Dodging        | |  0.5
Stealth        | |  0.2

Action                   |  1- 3 |  4- 6 || total
-------------------------+-------+-------++-------
Melee: War axe           |   111 |    38 ||   149
       Headbutt          |     9 |     5 ||    14
  Use: Scroll            |     3 |       ||     3
  Eat: Chunk             |     3 |       ||     3
       Meat ration       |       |     1 ||     1
Armor: Scale mail        |    44 |    25 ||    69
Dodge: Dodged            |    30 |     4 ||    34
Block: Shield            |    58 |    15 ||    73

Table legend:
 A = Spawn XP
 B = Non-spawn XP
 C = Spawn XP percentage of total XP
 D = Spawn monster count
 E = Non-spawn monster count
 F = Spawn count percentage of total count
 G = Total turns spent on level
                    A         B        C        D         E        F      G
               +---------+---------+-------+---------+---------+-------+---------
         Total |       0 |     231 |   0.0 |       0 |      55 |   0.0 |  2389
               +---------+---------+-------+---------+---------+-------+---------
           D:1 |       0 |      33 |   0.0 |       0 |      17 |   0.0 |   638
           D:2 |       0 |      43 |   0.0 |       0 |      20 |   0.0 |   834
           D:3 |       0 |      33 |   0.0 |       0 |      11 |   0.0 |   846
           D:4 |       0 |     122 |   0.0 |       0 |       7 |   0.0 |    71
               +---------+---------+-------+---------+---------+-------+---------
